Map: Buried Caverns

Players

jayct

  • Race: Terran Terran
  • Spawn Location: 9:00

wulf

  • Race: Terran Terran
  • Spawn Location: 7:00

Gpampas

  • Race: Terran Terran
  • Spawn Location: 9:00

MattBarry - Winner!

  • Race: Terran Terran
  • League: Gold
  • Spawn Location: 3:00

Alebay - Winner!

  • Race: Protoss Protoss
  • Spawn Location: 3:00

MattBarry - Winner!

  • Race: Zerg Zerg
  • League: Gold
  • Spawn Location: 5:00

VOD

Have the link to the VOD?

Description

Time

  • Played on: Jan. 22, 2023, 3:46 a.m.
  • Length: 11:41
Show
View Real Time Build Order
Export as new Build Order

jayct Terran 

Build Orders:  

Get SALT Encoding   

  10  4:44  Refinery  
  10  4:45  SCV  
  11  4:57  SCV  
  12  5:09  SCV  
  13  5:21  SCV  
Show
View Real Time Build Order
Export as new Build Order

wulf Terran 

Build Orders:  

Get SALT Encoding   

  12  0:01  SCV  
  13  0:13  SCV  
  14  0:24  Supply Depot  
  14  0:50  Barracks  
  14  0:54  SCV, Refinery  
  15  1:06  SCV  
  16  1:18  SCV  
  17  1:27  Engineering Bay  
  17  1:31  SCV  
  18  1:35  Barracks  
  18  1:37  Supply Depot  
  18  1:43  SCV  
  19  1:52  Barracks Tech Lab  
  19  1:55  SCV  
  19  2:01  Supply Depot  
  20  2:04  Supply Depot  
  20  2:20  Barracks  
  20  2:25  Missile Turret  
  20  2:34  Refinery  
  20  2:35  Orbital Command  
  20  2:36  Factory  
  20  2:44  Command Center  
  20  2:50  Barracks, Barracks Reactor  
  20  2:59  Marine  
  20  3:16  Marine  
  20  3:18  Barracks Tech Lab  
  21  3:34  Reaper  
  21  3:40  Bunker  
  22  3:48  Barracks Tech Lab  
  22  3:51  Factory Tech Lab  
  22  4:00  Marine  
  22  4:01  Marine x2  
  25  4:07  Reaper  
  26  4:11  Refinery  
  26  4:13  SCV, Refinery  
  26  4:15  SCV  
  28  4:18  Marine x3, Terran Infantry Weapons Level 1  
  28  4:20  Stimpack  
  31  4:25  SCV  
  31  4:27  SCV  
  31  4:30  Supply Depot  
  33  4:36  Marine x2  
  35  4:39  SCV  
  36  4:47  Starport  
  36  4:51  SCV  
  37  5:03  SCV  
  38  5:07  SCV  
  39  5:15  SCV  
  39  5:19  SCV  
  39  5:20  Siege Tank  
  44  5:27  SCV, Starport Tech Lab  
  45  5:32  SCV  
  46  5:37  Supply Depot  
  46  5:38  Marine x5  
  46  5:39  SCV  
  52  5:44  SCV  
  53  5:52  SCV, Siege Tank  
  53  5:56  Marine x5, SCV  
  63  6:01  Medivac  
  65  6:12  Supply Depot  
  65  6:13  Marine  
  65  6:14  Marine x4  
  70  6:21  Starport  
  70  6:24  Siege Tank  
  73  6:26  SCV  
  73  6:30  SCV  
  73  6:31  Marine x3  
  78  6:33  Marine  
  78  6:38  Supply Depot, SCV  
  80  6:42  SCV  
  80  6:45  Supply Depot  
  81  6:49  Supply Depot  
  81  6:50  Supply Depot, SCV  
  82  6:54  SCV  
  82  6:56  Siege Tank  
  76  7:02  SCV  
  76  7:03  Marine x3  
  76  7:04  Marine x2  
  76  7:06  SCV  
  77  7:14  SCV  
  77  7:18  Medivac x2  
  77  7:21  Marine x4  
  77  7:22  Marine  
  86  7:27  SCV  
  87  7:32  Starport  
  87  7:39  Marine, SCV  
  89  7:51  SCV  
  87  8:03  SCV  
  82  8:14  Combat Shield  
  82  8:19  Concussive Shells  
  80  8:25  Viking  
  75  8:42  Terran Infantry Armor Level 1  
  75  8:43  Siege Tank  
  78  8:49  Supply Depot  
  78  8:52  Supply Depot  
  78  8:57  Viking  
  70  9:19  Missile Turret  
  70  9:26  Supply Depot  
  70  9:30  Missile Turret  
  70  9:31  SCV  
  71  9:34  SCV  
  72  9:43  SCV  
  63  9:46  SCV  
  63  9:55  SCV  
  63  9:58  SCV  
  57  10:07  SCV  
  57  10:10  SCV  
  59  10:19  SCV  
  60  10:22  SCV  
  60  10:31  SCV  
  60  10:41  SCV  
  61  10:43  SCV  
  62  10:53  SCV  
  62  10:55  SCV  
  56  11:05  SCV  
  56  11:07  SCV  
  34  11:17  Marine x4, SCV  
  27  11:28  Factory Tech Lab  
Show
View Real Time Build Order
Export as new Build Order

Gpampas Terran 

Build Orders:  

Get SALT Encoding   

  12  0:10  Supply Depot  
  12  0:34  Barracks  
  12  0:37  Refinery  
  12  0:39  SCV  
  13  0:55  Barracks  
  13  0:56  SCV  
  14  1:10  SCV  
  15  1:24  SCV, Refinery  
  16  1:31  Marine  
  17  1:37  SCV  
  18  1:48  Factory  
  18  1:49  SCV  
  19  1:58  Supply Depot  
  19  2:01  SCV  
  19  2:03  Marine x2  
  22  2:14  Barracks  
  22  2:17  Barracks  
  22  2:18  Supply Depot  
  22  2:19  Orbital Command  
  22  2:23  Marine  
  22  2:24  Marine  
  24  2:33  Supply Depot  
  24  2:37  Starport  
  24  2:43  Barracks Reactor  
  24  2:44  Marine  
  24  2:50  Supply Depot, SCV  
  26  3:02  Marine  
  26  3:03  SCV  
  28  3:11  Barracks Tech Lab  
  28  3:12  Marine  
  29  3:17  Starport Reactor  
  29  3:20  Marine  
  29  3:24  Marine x2  
  32  3:29  Marine  
  32  3:31  Starport  
  32  3:33  Marine  
  34  3:37  Marine  
  35  3:42  Marine x2  
  35  3:47  Supply Depot, Marine  
  38  3:51  Marine  
  38  3:54  Combat Shield  
  38  3:55  Marine  
  39  4:00  Marine x2, SCV  
  43  4:09  Supply Depot  
  43  4:13  Marine x2, Barracks Reactor  
  43  4:16  Engineering Bay  
  45  4:17  Starport Reactor  
  45  4:20  Medivac  
  47  4:25  Marine x2  
  49  4:31  Medivac  
  51  4:46  Marine  
  51  4:51  Barracks Reactor  
  51  4:52  Marine  
  53  4:54  Marine  
  54  5:02  Supply Depot  
  54  5:04  Marine  
  54  5:05  Marine  
  54  5:06  Marine  
  57  5:10  Medivac  
  59  5:15  Terran Infantry Weapons Level 1  
  59  5:21  SCV  
  59  5:27  Supply Depot  
  59  5:28  Marine x2  
  60  5:30  Marine  
  60  5:35  Medivac  
  65  5:38  SCV  
  66  5:45  Stimpack  
  66  5:54  Marine x5  
  66  5:55  Marine x2  
  73  6:04  Supply Depot  
  73  6:05  SCV  
  74  6:11  Marine  
  74  6:12  Marine x2, Medivac  
  79  6:20  Marine x3  
  79  6:24  SCV  
  83  6:32  Supply Depot  
  83  6:34  Marine x3  
  83  6:35  Marine  
  83  6:37  Marine  
  83  6:38  Medivac  
  88  7:10  Terran Infantry Armor Level 1  
  83  7:48  Missile Turret  
  82  8:24  Marine x7  
  89  8:41  Marine  
  89  8:42  Marine x5  
  95  8:57  Marine  
  95  8:59  Marine x3  
  95  9:00  Marine  
  95  9:01  Marine  
  95  9:02  Marine  
  90  9:15  Marine  
  77  9:17  Marine x3  
  77  9:19  Marine  
  77  9:20  Marine  
  55  10:02  Marine x2  
  55  10:03  Marine x5  
  62  10:20  Marine x2  
  62  10:21  Marine x5  
  66  10:38  Marine x3  
  70  10:46  Marine  
Show
View Real Time Build Order
Export as new Build Order

MattBarry Terran - Winner!

Build Orders: Reaper Expand 

Get SALT Encoding   

  12  0:00  SCV  
  13  0:12  SCV  
  14  0:18  Supply Depot  
  14  0:28  SCV  
  15  0:41  Barracks  
  15  0:43  Refinery  
  15  0:45  SCV  
  16  0:57  SCV  
  17  1:09  SCV  
  18  1:21  SCV  
  19  1:28  Reaper  
  20  1:33  Orbital Command  
  20  1:45  Command Center  
  20  1:59  SCV  
  21  2:03  Barracks Reactor  
  21  2:11  Supply Depot, SCV  
  22  2:23  SCV  
  23  2:32  Factory  
  23  2:36  SCV  
  24  2:39  Marine x2  
  26  2:48  SCV  
  27  2:53  Refinery  
  27  2:56  Marine x2  
  27  2:57  Orbital Command  
  29  3:09  SCV  
  30  3:14  Marine x2  
  32  3:30  SCV  
  32  3:32  Marine x2  
  32  3:33  SCV  
  36  3:42  SCV  
  36  3:47  Starport  
  37  3:55  SCV x2  
  39  3:58  Supply Depot x2  
  39  4:00  Barracks Tech Lab  
  39  4:01  Engineering Bay  
  39  4:06  Refinery  
  39  4:07  SCV x2, Hellion x2  
  45  4:19  SCV x2  
  47  4:30  Fusion Core  
  47  4:32  Barracks Tech Lab  
  47  4:34  Cloaking Field  
  47  4:36  Banshee  
  47  4:37  SCV  
  47  4:38  SCV  
  52  4:39  Refinery  
  52  4:44  Supply Depot  
  52  4:49  SCV  
  52  4:50  SCV  
  54  5:02  SCV x2  
  54  5:04  Starport  
  56  5:12  Supply Depot  
  56  5:14  SCV x2  
  58  5:23  Command Center  
  58  5:24  Banshee  
  58  5:26  SCV x2  
  63  5:32  Widow Mine x2  
  67  5:38  SCV x2  
  67  5:39  Supply Depot  
  69  5:44  Armory  
  69  5:48  Armory  
  69  5:50  SCV x2  
  71  6:00  Supply Depot  
  71  6:01  Supply Depot  
  71  6:02  SCV x2  
  73  6:11  Banshee  
  73  6:12  Starport  
  73  6:14  SCV x2  
  73  6:16  Hyperflight Rotors  
  78  6:34  SCV  
  78  6:35  SCV  
  79  6:45  Banshee  
  82  6:54  Banshee  
  85  7:33  Banshee, Starport Tech Lab  
  85  7:37  Banshee  
  88  7:38  Terran Ship Weapons Level 1, Terran Vehicle And Ship Armor Level 1  
  88  7:41  Orbital Command  
  88  7:43  SCV x2  
  93  7:46  Refinery  
  93  7:50  Refinery  
  90  7:55  SCV x2  
  92  8:04  Command Center  
  92  8:21  Banshee x3  
  101  8:34  Starport  
  101  8:37  Starport  
  98  9:04  Banshee x2  
  98  9:05  Banshee  
  86  9:46  Starport Tech Lab  
  86  9:47  Banshee x2, Starport Tech Lab  
  86  9:48  Banshee  
  86  9:50  Command Center  
  95  10:08  Banshee x2  
  101  10:21  Orbital Command  
  101  10:33  SCV x2  
  103  10:35  Banshee  
  103  10:36  Banshee x2  
  112  10:45  SCV  
  112  10:46  SCV  
  114  10:51  Banshee x2  
Show
View Real Time Build Order
Export as new Build Order

Alebay Protoss - Winner!

Build Orders: 1 Gate Expand 

Get SALT Encoding   

  12  0:00  Probe  
  13  0:13  Probe  
  14  0:19  Pylon  
  14  0:25  Probe  
  15  0:39  Gateway, Probe  
  16  0:51  Assimilator, Probe  
  17  1:04  Probe  
  18  1:16  Probe  
  19  1:27  Cybernetics Core  
  19  1:28  Probe  
  20  1:38  Nexus  
  20  1:40  Probe  
  20  1:46  Assimilator  
  21  1:52  Probe  
  22  1:57  Pylon  
  22  2:04  Warp Gate (Chrono Boost)  
  22  2:15  Stalker  
  24  2:20  Probe  
  25  2:31  Robotics Facility  
  25  2:33  Probe  
  26  2:40  Pylon  
  26  2:46  Probe  
  26  2:48  Stalker  
  29  2:51  Probe  
  29  2:58  Probe  
  31  3:04  Forge  
  31  3:05  Probe  
  32  3:11  Probe  
  33  3:18  Probe  
  34  3:23  Probe  
  34  3:25  Immortal  
  39  3:32  Stalker  
  41  3:34  Probe  
  41  3:39  Probe  
  43  3:48  Probe  
  44  3:51  Pylon  
  44  3:52  Probe  
  45  4:00  Probe  
  45  4:01  Protoss Ground Weapons Level 1 (Chrono Boost), Stalker  
  48  4:05  Probe  
  49  4:14  Photon Cannon  
  49  4:15  Probe  
  50  4:18  Pylon  
  50  4:20  Probe  
  51  4:27  Immortal  
  51  4:28  Probe  
  56  4:32  Assimilator  
  56  4:34  Assimilator  
  56  4:37  Stalker  
  58  4:48  Photon Cannon  
  58  4:52  Photon Cannon  
  58  4:55  Photon Cannon  
  58  4:56  Probe x2  
  60  5:08  Probe x2  
  60  5:12  Stalker  
  64  5:17  Pylon  
  64  5:18  Gateway  
  64  5:33  Nexus  
  64  5:36  Stalker  
  64  5:42  Immortal  
  70  5:47  Pylon  
  70  5:50  Pylon  
  70  5:55  Protoss Ground Armor Level 1 (Chrono Boost)  
  70  5:59  Stalker  
  72  6:06  Pylon  
  72  6:17  Stalker  
  74  6:22  Pylon  
  74  6:23  Probe  
  75  6:26  Probe  
  76  6:33  Stalker  
  76  6:35  Immortal, Probe  
  83  6:43  Probe  
  83  6:45  Probe  
  86  6:47  Probe  
  86  6:48  Pylon  
  86  6:51  Pylon  
  86  6:55  Probe  
  86  6:57  Probe  
  86  6:59  Probe  
  89  7:01  Robotics Facility  
  89  7:03  Robotics Facility  
  89  7:07  Probe  
  90  7:09  Probe  
  90  7:11  Probe  
  92  7:19  Nexus  
  92  7:20  Pylon, Stalker  
  92  7:21  Stalker  
  96  7:26  Immortal  
  100  7:32  Protoss Shields Level 1 (Chrono Boost)  
  100  7:36  Twilight Council  
  100  7:49  Probe  
  100  7:50  Probe x2  
  103  7:53  Assimilator  
  103  7:57  Assimilator  
  103  7:58  Stalker  
  103  7:59  Stalker  
  103  8:04  Blink (Chrono Boost)  
  107  8:34  Stalker  
  107  8:35  Stalker  
  107  8:39  Immortal x2  
  107  8:40  Immortal  
  123  8:59  Stalker  
  123  9:00  Stalker  
  115  10:01  Gateway  
  115  10:03  Gateway  
  115  10:05  Gateway  
  115  10:06  Probe x2  
  117  10:07  Gateway  
  117  10:09  Gateway, Probe x2  
  117  10:13  Immortal x3  
  131  10:18  Probe  
  131  10:19  Probe  
  134  10:21  Probe x2  
  134  10:25  Stalker  
  134  10:27  Stalker  
  139  10:31  Probe x2  
  141  10:39  Gateway  
  141  10:42  Gateway  
  141  10:43  Gateway  
  141  10:52  Immortal  
  141  10:53  Immortal x2  
Show
View Real Time Build Order
Export as new Build Order

MattBarry Zerg - Winner!

Build Orders: Pool First 

Get SALT Encoding   

  12  0:00  Drone  
  13  0:08  Drone  
  14  0:16  Extractor  
  14  0:17  Drone  
  14  0:25  Overlord  
  14  0:32  Drone, Extractor  
  15  0:44  Drone x2  
  17  0:54  Drone  
  18  1:08  Drone  
  18  1:09  Spawning Pool  
  18  1:30  Hatchery  
  18  1:31  Drone  
  18  1:34  Drone  
  18  1:37  Extractor  
  18  1:39  Drone  
  19  1:48  Drone  
  20  1:57  Queen  
  22  2:20  Hatchery  
  21  2:25  Drone  
  22  2:32  Extractor  
  22  2:33  Drone  
  22  2:34  Extractor  
  21  2:38  Overlord  
  21  2:45  Drone  
  22  2:52  Drone x2  
  24  3:04  Lair  
  24  3:11  Drone  
  25  3:15  Drone  
  25  3:19  Drone  
  27  3:25  Drone  
  28  3:30  Drone  
  28  3:33  Drone  
  30  3:39  Drone  
  31  3:50  Queen  
  33  3:56  Drone  
  33  3:57  Drone  
  35  4:14  Spire  
  34  4:24  Spire  
  34  4:27  Drone  
  34  4:28  Extractor  
  33  4:32  Drone  
  33  4:36  Drone  
  35  4:39  Drone  
  35  4:45  Drone x2  
  38  4:47  Extractor  
  38  4:48  Drone  
  38  4:50  Drone  
  39  5:19  Overlord x2  
  39  5:27  Mutalisk  
  41  5:37  Mutalisk x8  
  41  5:41  Overlord  
  57  5:50  Mutalisk, Evolution Chamber  
  57  5:51  Evolution Chamber  
  57  5:55  Mutalisk  
  57  5:56  Evolution Chamber  
  58  6:03  Overlord  
  61  6:05  Mutalisk  
  61  6:07  Overlord  
  63  6:16  Drone  
  63  6:17  Drone x2  
  66  6:22  Drone x2  
  66  6:23  Drone  
  69  6:25  Mutalisk  
  69  6:26  Mutalisk  
  73  6:33  Zerg Flyer Weapons Level 1  
  73  6:41  Mutalisk  
  75  7:01  Mutalisk x2  
  61  7:16  Mutalisk  
  61  7:17  Mutalisk  
  61  7:19  Overlord  
  65  7:26  Mutalisk  
  67  7:33  Mutalisk  
  69  7:47  Mutalisk x2  
  73  7:57  Mutalisk x2  
  75  8:12  Mutalisk x2  
  75  8:20  Mutalisk  
  75  8:26  Mutalisk  
  77  8:32  Mutalisk  
  77  8:37  Drone x2  
  77  8:38  Drone  
  77  8:39  Mutalisk  
  82  8:46  Mutalisk  
  84  8:56  Mutalisk x2  
  88  9:11  Zergling x4  
  88  9:13  Overlord x2  
  90  9:24  Mutalisk x2  
  88  9:26  Overlord x2  
  84  9:39  Mutalisk x3  
  84  9:40  Mutalisk x2  
  92  10:07  Mutalisk x4  
  94  10:30  Mutalisk x4  
  96  10:35  Mutalisk  
  96  11:08  Mutalisk x3  
  102  11:13  Mutalisk  
Tags
 
Add a new tag
Caveats
  • Supply blocks, unpowered buildings, or Contaminate may cause inaccurate times.
  • Supply counts are checked every 10 seconds.